[Event "American Cup Open Champions 2024"]
[Site "Saint Louis"]
[Date "2024.03.15"]
[Round "2.3"]
[White "Aronian, Levon"]
[Black "Caruana, Fabiano"]
[Result "1/2-1/2"]
[ECO "C00"]
[WhiteElo "2722"]
[BlackElo "2804"]
[Annotator "TA"]
[PlyCount "76"]
[EventDate "2024.03.11"]
[EventType "k.o."]
[EventCountry "USA"]
[SourceTitle "playchess.com"]
[Source "ChessBase"]
[SourceQuality "1"]
[TimeControl "5400+30"]

1. e4 c5 2. Nf3 e6 3. g3 Nc6 4. Bg2 Nf6 5. d3 d5 6. Qe2 Be7 7. O-O b5 8. Bg5 O-O 9. e5 Nd7 10. Bxe7 {[%emt 0:00:21] Schwarz hat minimalen Vorteil.} Qxe7 11. Nbd2 a5 12. a4 b4 13. b3 Ba6 14. Rfe1 Rac8 15. h4 Rc7 16. Qe3 Rfc8 17. Qf4 {[%emt 0:01:30] [#]} Nd4 $1 18. Rac1 Nxf3+ 19. Nxf3 c4 20. dxc4 dxc4 21. Rcd1 cxb3 22. cxb3 Rc3 23. Rd6 Nc5 24. Re3 Bb7 (24... Rxb3 $2 {geht unter.} 25. Rxb3 Nxb3 26. Rxa6 $18) 25. Nd2 h6 26. Bf3 Qc7 ({Besser ist} 26... Bxf3 $17 27. Qxf3 Rc1+ 28. Kg2 f5) 27. Kg2 Bxf3+ 28. Qxf3 Nd7 {[%emt 0:00:10][%cal Bc5d7,Bd7b6,Bb6d5,Bd5c3][%mdl 32] [#] Weiss muss nun ...Nxe5 beachten.} 29. Qf4 ({Nur nicht} 29. Nc4 $2 Nxe5 30. Nxe5 Rxe3 (30... Qxd6 31. Qxf7+ Kh7 32. Qg6+ Kg8 33. Qf7+ Kh8 34. Ng6+ Kh7 35. Rxe6 $11) 31. fxe3 Qxd6 $19) 29... Nb6 {[%emt 0:01:33] Droht stark ...Nd5.} 30. Rf3 Nd5 31. Qg4 Rxf3 32. Qxf3 Nc3 33. Qd3 g6 34. Qf3 h5 35. Qd3 Kg7 36. Qf3 Kg8 37. Qd3 Kg7 38. Qf3 Kg8 {[%emt 0:00:10] Gewichteter Fehlerwert: Weiß=0.09 (makellos) /Schwarz=0.08 (makellos) .  Fehler:       	---       	Schwarz=1     Ungenau:       	Weiß=5     	Schwarz=2     OK:         	Weiß=11    	Schwarz=12    Bester:       	Weiß=1     	---} 1/2-1/2

[Event "American Cup Open Champions 2024"]
[Site "Saint Louis"]
[Date "2024.03.15"]
[Round "2.3"]
[White "Robson, Ray"]
[Black "So, Wesley"]
[Result "1/2-1/2"]
[ECO "E48"]
[WhiteElo "2696"]
[BlackElo "2757"]
[Annotator "TA"]
[PlyCount "69"]
[EventDate "2024.03.11"]
[EventType "k.o."]
[EventCountry "USA"]
[SourceTitle "playchess.com"]
[Source "ChessBase"]
[SourceQuality "1"]
[TimeControl "5400+30"]

1. d4 Nf6 2. c4 e6 3. Nc3 Bb4 4. e3 O-O 5. Bd3 c5 6. Nge2 d5 7. cxd5 cxd4 8. exd4 Nxd5 9. a3 Ba5 10. O-O Nc6 11. Bc2 (11. Nxd5 {simplifies} exd5 12. Nf4 Bc7 13. Re1) 11... Bc7 (11... Nf6 {simplifies} 12. Ne4 Nxe4 13. Bxe4 Bb6) 12. Qd3 Qh4 {[%emt 0:00:18][%csl Gc7][%cal Rh4h2] [#]} (12... g6 {simplifies} 13. Ne4 f5 14. N4c3 Nxc3 15. bxc3 f4) 13. h3 {[%emt 0:02:35] White has an edge.} Rd8 14. Nxd5 Rxd5 15. Be3 Rd8 16. Rac1 Bd7 17. Bb1 Bd6 {[%emt 0:01:01] Inhibits Rc5.} 18. Qe4 (18. Ng3 $14) 18... Qxe4 $11 {[%emt 0:01:05] The position is equal.} 19. Bxe4 f5 20. Bf3 Ne7 21. Rfd1 Bc6 22. Bxc6 Nxc6 23. Kf1 Kf7 24. d5 exd5 25. Rxd5 g6 26. g4 fxg4 27. hxg4 Be7 28. Rb5 Rd7 29. Ng3 a6 30. Rb6 Ne5 31. g5 Bd8 32. Rb4 Be7 {[%emt 0:00:27][%cal Oe5d3] [#] And now ...Nd3! would win.} 33. Rb6 Bd8 34. Rb4 Be7 35. Rb6 {[%emt 0:00:32] A balanced but interesting game.   Weighted Error Value: White=0.08 (flawless) /Black=0.06 (flawless) .  Mistake:       	White=1     	---        Inaccurate:     	---       	Black=1      OK:         	White=12    	Black=9      Best:        	White=1     	---} 1/2-1/2

[Event "American Cup Open Champions 2024"]
[Site "Saint Louis"]
[Date "2024.03.15"]
[Round "2.4"]
[White "Caruana, Fabiano"]
[Black "Aronian, Levon"]
[Result "1/2-1/2"]
[ECO "D90"]
[WhiteElo "2804"]
[BlackElo "2722"]
[Annotator "TA"]
[PlyCount "61"]
[EventDate "2024.03.11"]
[EventType "k.o."]
[EventCountry "USA"]
[SourceTitle "playchess.com"]
[Source "ChessBase"]
[SourceQuality "1"]
[TimeControl "900+10"]

1. d4 Nf6 2. c4 g6 3. Nc3 d5 4. Nf3 Bg7 5. h4 O-O 6. cxd5 Nxd5 7. h5 c5 8. hxg6 (8. dxc5 Nxc3 9. bxc3 Qxd1+ (9... Bxc3+ 10. Bd2 $15) 10. Kxd1 Bxc3 $17) 8... hxg6 9. Bh6 ({Doch nicht} 9. dxc5 Nxc3 10. bxc3 Qxd1+ (10... Bxc3+ 11. Bd2 $17) 11. Kxd1 Bxc3 $17) 9... Nxc3 10. bxc3 Bxh6 11. Rxh6 Kg7 12. Qd2 cxd4 13. cxd4 Nd7 {[%emt 0:00:02] Die Stellung ist ausgeglichen.} 14. e4 Nf6 15. Rh4 (15. Ng5 $5) 15... Rh8 {[%emt 0:00:24] Es drohte Qh6+} 16. Rxh8 Qxh8 17. Qf4 Qd8 18. Bd3 Qa5+ 19. Ke2 Bg4 20. Rh1 {[%emt 0:00:47] [#] Verhindert Rc8. jetzt Qh6+ und aus.} Bh5 (20... Qxa2+ 21. Ke3 Rh8 22. Rxh8 Kxh8 23. Ne5) 21. Qd2 {[%emt 0:00:02] Das Brett brennt.} Qb6 22. e5 Bxf3+ 23. Kxf3 ({Bloß nicht} 23. gxf3 $6 Ng8 $16) 23... Ng8 {[%emt 0:01:48][%cal Oa8d8] Es drohte Qh6+} 24. Be4 Rd8 (24... f5 {vereinfacht} 25. exf6+ Qxf6+ 26. Qf4 Qxf4+ 27. Kxf4 Rf8+) 25. d5 f5 26. exf6+ Qxf6+ 27. Ke2 Qa6+ 28. Bd3 Qf6 29. Be4 Qa6+ 30. Bd3 Qf6 31. Be4 {[%emt 0:00:07] Eine ausgeglichene Partie nicht ohne Feinheiten.   Gewichteter Fehlerwert: Weiß=0.02 (makellos) /Schwarz=0.02 (makellos) .  OK:         	Weiß=14    	Schwarz=15} 1/2-1/2

[Event "American Cup Open Champions 2024"]
[Site "Saint Louis"]
[Date "2024.03.15"]
[Round "2.4"]
[White "So, Wesley"]
[Black "Robson, Ray"]
[Result "0-1"]
[ECO "B50"]
[WhiteElo "2757"]
[BlackElo "2696"]
[Annotator "TA"]
[PlyCount "152"]
[EventDate "2024.03.11"]
[EventType "k.o."]
[EventCountry "USA"]
[SourceTitle "playchess.com"]
[Source "ChessBase"]
[SourceQuality "1"]
[TimeControl "900+10"]

1. e4 c5 2. Nf3 d6 3. Bc4 Nf6 4. d3 Nc6 5. O-O g6 6. h3 {[%emt 0:00:11] B50: Sizilianisch (Verschiedenes mit 2...d6).} Bg7 7. a3 d5 $5 {[%emt 0:02:14][%mdl 4] Eine interessante Nebenvariante.} 8. exd5 Nxd5 9. Nbd2 $146 ({Predecessor:} 9. Ng5 O-O 10. Nd2 b6 11. Nde4 Bb7 12. f4 e6 13. c3 h6 14. Nf3 f5 15. Nf2 {0-1 Goodger,M (2093)-Heberla,B (2484) Monarch Assurance 16th 2007 (7)}) 9... O-O 10. Rb1 b6 11. Ne4 Nc7 12. Re1 Be6 13. Bxe6 Nxe6 14. b4 cxb4 15. axb4 b5 16. Bb2 Bxb2 17. Rxb2 a5 18. bxa5 Qxa5 19. h4 b4 20. Ned2 Qd5 21. Nc4 Rad8 22. Qc1 Ned4 23. Nxd4 Qxd4 24. Re4 Qf6 25. Qg5 Qxg5 26. hxg5 Rd4 27. Rxd4 Nxd4 28. Ne3 Rc8 29. f4 Rc3 30. Nd5 Rxc2 31. Rxb4 Ne2+ 32. Kh2 Kf8 33. Rb8+ Kg7 34. Nxe7 h6 35. gxh6+ Kxh6 36. Nd5 Rd2 37. Rh8+ Kg7 38. Rh3 Nc1 39. Nb4 Rb2 40. Na6 Ne2 41. Rf3 Rb5 42. g4 Ra5 43. Nc7 Ra4 44. f5 Rxg4 45. f6+ (45. fxg6 $11 {bleibt in der Remisbreite.} Rxg6 (45... Kxg6 46. Nd5 $11) 46. Nb5) 45... Kh6 $17 46. Ne6 (46. Re3 $17 {ist wohl besser.} Rh4+ 47. Kg2) 46... Rh4+ $19 (46... fxe6 47. f7 Rh4+ 48. Kg2 $14) 47. Kg2 {[%emt 0:00:01] [#]} fxe6 $2 (47... Nd4 $1 $19 48. Nxd4 Rxd4 49. Rh3+ Kg5) 48. f7 $11 Rf4 $1 49. f8=Q+ Rxf8 50. Rxf8 Kg7 51. Rf1 Nd4 52. Kg3 Nf5+ 53. Kf4 Kf6 54. Rg1 Nd6 55. Rg2 e5+ 56. Ke3 g5 57. Rf2+ Ke6 58. Rg2 Nf5+ 59. Kf2 Kf6 60. Rg1 Nd6 61. Ke3 Kf5 62. Ra1 g4 63. Ra5 Ke6 64. Ra6 Kd5 65. Ra5+ Ke6 66. Ra8 Nf5+ 67. Kf2 Kd5 68. Rf8 Nd6 69. Ke3 Ke6 70. Rg8 Nf5+ 71. Kf2 g3+ 72. Kf3 Kd5 73. Rg5 Nd6 74. Ke3 (74. Kxg3 $5 Kd4 $8 75. Rg6 $11) 74... Ke6 75. Rg4 Kd5 76. Rg5 (76. Rxg3 {ist ein Selbstmatt.} Nf5+ 77. Kf2 Nxg3 78. Kxg3 Kd4 79. Kg2 Kxd3 80. Kf2 e4 81. Ke1 Ke3 82. Kd1 Kf2 83. Kd2 e3+ 84. Kd3 e2 85. Ke4 e1=Q+ (85... e1=B 86. Kf5 $11) 86. Kd5 Ke3 87. Ke5 Qd2 88. Kf6 Qd6+ 89. Kg7 Qe7+ 90. Kh6 Kf4 91. Kg6 Kg4 92. Kh6 Kf5 93. Kh5 Qh7#) 76... Ke6 0-1

[Event "American Cup Open Champions 2024"]
[Site "Saint Louis"]
[Date "2024.03.15"]
[Round "2.5"]
[White "Caruana, Fabiano"]
[Black "Aronian, Levon"]
[Result "0-1"]
[ECO "C54"]
[WhiteElo "2804"]
[BlackElo "2722"]
[Annotator "TA"]
[PlyCount "112"]
[EventDate "2024.03.11"]
[EventType "k.o."]
[EventCountry "USA"]
[SourceTitle "playchess.com"]
[Source "ChessBase"]
[SourceQuality "1"]
[TimeControl "600+5"]

1. e4 e5 2. Nf3 Nc6 3. Bc4 Bc5 4. c3 Nf6 5. d3 O-O 6. a4 d5 7. exd5 Nxd5 8. a5 {[%emt 0:00:17] Repels Nb6. White is slightly better.} Nf6 9. Nbd2 a6 10. O-O h6 11. h3 Re8 12. b4 Ba7 13. Qe2 Be6 14. Bxe6 Rxe6 15. Ne4 Nd5 16. Bd2 f5 17. Nc5 Bxc5 18. bxc5 Qe7 19. c4 Nf6 {[%emt 0:00:11][%cal Oe5e4] A dynamic duo of knights.} 20. Bc3 e4 (20... Qxc5 $2 21. d4 Qd6 22. d5 $18 (22. Nxe5 Ne4 $17) (22. dxe5 Qc5 $11)) 21. Nd4 Nxd4 22. Bxd4 Rd8 23. Bxf6 Qxf6 24. dxe4 Rxe4 25. Qc2 Qc6 {[%emt 0:00:08] Black is much more active.} 26. Rab1 Rdd4 27. Qb3 Rxc4 (27... Qxc5 28. Qxb7 Qxa5 29. Qa8+ Kh7 30. Rb5 $11) (27... Re6 {with more complications.} 28. Rfd1 Rg6 29. g3 Qxc5 30. Kg2 Rxc4 31. Rbc1 Rc6) 28. Qxb7 Qxb7 (28... Qxc5 $6 29. Qxa6 Qc6 (29... Kh7 30. Rb5 $11) 30. Qxc6 Rxc6 31. Rfc1 Rxc1+ 32. Rxc1 $14) 29. Rxb7 Rxc5 $15 {[%cal Of5f4][%mdl 4096] Endgame. KRR-KRR} 30. Rd1 Re7 (30... Rxa5 31. Rxc7 f4 32. Kh2 $11) 31. Ra1 Kf7 32. h4 Kg6 33. g3 f4 {[%emt 0:00:05] White is on the road to losing.} 34. gxf4 Re4 35. Ra7 Rc6 (35... Rxf4 $6 36. Rxa6+ Kf7 37. Ra3 $11) 36. Rd1 Rxf4 37. Rd7 Rf7 38. Rd3 (38. h5+ $17 {was called for.} Kf6 (38... Kxh5 $2 39. Rxf7 g5 40. Kg2 $18) 39. Rxf7+ Kxf7 40. Ra8) 38... Rf5 39. Ra3 {[%emt 0:00:05] [#]} (39. Kg2 $142) 39... Kh5 $1 $19 40. Rg3 g6 ({Weaker is} 40... Rxa5 41. Rxg7 Rac5 (41... Kxh4 42. Raxc7 Rxc7 43. Rxc7 $15) 42. Kh2 $17) 41. Ra8 Kxh4 42. Kg2 Rg5 (42... Rxa5 43. Rh3+ Kg5 44. Rg3+ Kf6 45. Rf8+ Ke7 46. Rgf3 $19) 43. Rb8 (43. Rxg5 $142 Kxg5 44. Kg1) 43... Rxg3+ (43... Rxa5 44. Rb1) 44. fxg3+ {[%emt 0:00:04] KR-KR} Kg5 (44... Kg4 45. Rb4+ Kf5 46. Kh3 $19) 45. Kf3 Rc5 46. Rb7 h5 (46... Rxa5 $2 47. Rxc7 Rd5 48. Kg2 $19) 47. Ra7 Rxa5 {[%emt 0:00:04] And now ...Ra3+ would win.} 48. Rxc7 Rf5+ 49. Kg2 a5 50. Rc6 Rb5 51. Rc8 (51. Ra6 $142 Kf5 52. Kh3) 51... Kf5 52. Rf8+ Ke4 53. Rf6 g5 {[%emt 0:00:04] ...a4 would now be deadly.} 54. Rh6 Kd3 55. Rxh5 a4 56. Kf3 {[%emt 0:00:11] [#]} g4+ $1 {[%emt 0:00:08][%mdl 512] Weighted Error Value: White=0.37/Black=0.03 (flawless) .  Mistake:       	White=4     	---        Inaccurate:     	White=5     	Black=1      OK:         	White=17    	Black=25     Best:        	White=3     	Black=2} 0-1

[Event "American Cup Open Champions 2024"]
[Site "Saint Louis"]
[Date "2024.03.15"]
[Round "2.6"]
[White "Aronian, Levon"]
[Black "Caruana, Fabiano"]
[Result "1-0"]
[ECO "B51"]
[WhiteElo "2722"]
[BlackElo "2804"]
[Annotator "TA"]
[PlyCount "67"]
[EventDate "2024.03.11"]
[EventType "k.o."]
[EventCountry "USA"]
[SourceTitle "playchess.com"]
[Source "ChessBase"]
[SourceQuality "1"]
[TimeControl "600+5"]

1. e4 c5 2. Nf3 d6 3. Bb5+ Nd7 4. O-O a6 5. Bd3 g6 6. c3 Bg7 7. Bc2 Ngf6 8. d4 {[%emt 0:00:04] White is slightly better.} O-O 9. e5 Ne8 10. Re1 dxe5 11. dxe5 Nc7 12. Bf4 Ne6 13. Bg3 b5 14. Nbd2 c4 15. Qe2 Bb7 16. Ne4 h6 17. h4 Qb6 18. a4 (18. h5 $14) 18... Rad8 19. axb5 axb5 20. Rad1 Bc6 21. b3 (21. h5 $14 {stays ahead.}) 21... cxb3 (21... Bxe4 $17 22. Qxe4 Nec5 (22... Ndc5 23. Qe3 $11)) 22. Bxb3 $11 Ndc5 23. Nxc5 Nxc5 24. Qe3 Bxf3 25. gxf3 Qc6 {[%emt 0:00:03] Prevents e6} 26. Rxd8 Rxd8 27. Rd1 Rxd1+ 28. Bxd1 Na4 29. e6 $1 f5 (29... Qxe6 $5 30. Qxe6 fxe6 $15) 30. Qa7 (30. Bb3 $15) 30... Bf6 (30... Qxc3 $2 {loses.} 31. Qxe7 Qf6 (31... Qe1+ $2 32. Kg2 $18) 32. Qe8+ Qf8 33. Qxg6 $18) (30... Qxe6 $17 {White must now prevent ...Qe1+.} 31. Bxa4 bxa4 32. Qxa4 Bxc3) 31. Qd7 Qa8 32. c4 Nc3 (32... Nc5 $11 {and Black has nothing to worry.} 33. Qxb5 Nxe6) 33. cxb5 $18 {[#] Threatens to win with b6.} h5 $2 (33... Nd5 $18 34. Qc6 Qa2) 34. b6 {[%emt 0:00:02] Weighted Error Value: White=0.18 (very precise) /Black=0.42.  Loses game:     	---       	Black=1      Mistake:       	White=3     	Black=3      Inaccurate:     	White=1     	Black=2      OK:         	White=7     	Black=10     Best:        	White=1     	---        Strong:       	White=1     	---} 1-0

[Event "American Cup Open Champions 2024"]
[Site "Saint Louis"]
[Date "2024.03.16"]
[Round "3.1"]
[White "Aronian, Levon"]
[Black "Robson, Ray"]
[Result "1-0"]
[ECO "B90"]
[WhiteElo "2722"]
[BlackElo "2696"]
[Annotator "TA"]
[PlyCount "81"]
[EventDate "2024.03.11"]
[EventType "k.o."]
[EventCountry "USA"]
[SourceTitle "playchess.com"]
[Source "ChessBase"]
[SourceQuality "1"]
[TimeControl "5400+30"]

1. e4 c5 2. Nf3 d6 3. d4 cxd4 4. Nxd4 Nf6 5. Nc3 a6 6. Bd3 g6 7. Be2 {[%emt 0:04:19] 7.f3 is the modern continuation. B90: Sicilian Najdorf: Unusual White 6th moves, 6 Be3 Ng4 and 6 Be3 e5.} Bg7 8. Be3 Nc6 9. O-O O-O 10. a4 $5 {[%emt 0:00:39][%mdl 4] Leaves trodden paths.} Bd7 11. Qd2 $5 {[%emt 0:04:35][%mdl 4] [#] Exploring less charted territory.} b5 $146 (11... Rc8 $1 $11) ({Predecessor:} 11... Rc8 12. f3 Ne5 13. b3 e6 14. a5 Qc7 15. Na4 Bxa4 16. Rxa4 d5 17. exd5 Nxd5 18. Bf2 Nc3 19. Rb4 Rfd8 20. f4 Nc6 21. Rc4 Bxd4 22. Bxd4 Nxe2+ {0-1 Ribeiro,G (2187)-Kozul,Z (2532) EU-ch Rapid Zagreb 2023 (2)}) 12. axb5 $14 Nxd4 13. Bxd4 (13. Qxd4 Ng4 14. Qd2 (14. e5 Bxe5 15. Qd2 Nxe3 $17) 14... Nxe3 15. Qxe3 Bxc3 $16) 13... Bxb5 14. Rfd1 Bxe2 15. Qxe2 a5 16. e5 dxe5 17. Bxe5 Qb6 18. Nb5 Rfc8 19. b3 Qb7 20. Ra4 Rc5 21. c4 Qe4 22. Qxe4 Nxe4 23. Bxg7 Kxg7 24. f3 Nf6 25. Rda1 Rd8 26. Rxa5 Rd3 27. R5a3 Nd5 28. Re1 $1 Nf4 29. Re4 (29. Rxe7 $6 Rd1+ 30. Kf2 Rd2+ 31. Ke1 (31. Ke3 Re2+ 32. Kxf4 Rxe7 $11) 31... Rxg2 $11) 29... Rf5 30. b4 (30. Rxe7 $6 Rd1+ 31. Kf2 Rd2+ 32. Kf1 Rh5 $11) 30... Rd2 {[%emt 0:01:36] [#]} 31. Kf1 (31. Rxe7 $6 Rxg2+ 32. Kf1 Rd2 $11) (31. g4 $1 $16 Rf6 32. Rxe7) 31... Rb2 $2 (31... Rh5 $11 {and Black is okay.} 32. Rd4 (32. Rxf4 Rxh2 33. Kg1 Rdxg2+ 34. Kf1 Rb2 $11) 32... Rc2 33. Rxf4 Rxh2) 32. Nd4 $18 (32. Rxe7 Rh5 33. h3 Rb1+ 34. Re1 Rxb4 $11) 32... Rf6 33. Rb3 (33. Rxe7 Rxb4 34. Re4 Rb1+ 35. Kf2 Rb2+ 36. Ne2 Ne6 $11) 33... Rd2 34. Rb1 $2 (34. Ke1 $18 Rxg2 (34... Nxg2+ $2 35. Kxd2 h5 36. b5 $18) 35. b5) 34... e5 $2 (34... Rxg2 $11 35. Rxf4 (35. Rxe7 $2 {loses.} Rxh2 36. Kg1 Rd2 $19) 35... Rxf4 36. Ne6+ (36. Kxg2 Rxd4 37. Rc1 Rd2+ 38. Kg3 Rb2 $11) 36... fxe6 37. Kxg2 Rxc4) 35. Ne2 $16 Nd3 36. b5 Rd6 37. Nc3 Rf2+ 38. Kg1 Rc2 39. Nd5 ({Wrong is} 39. b6 $2 Rxb6 (39... Rxc3 40. h3 $17) 40. Nb5 Ra6 $19) 39... Nc5 (39... Rd8 $16) 40. Ne3 $18 Re2 $2 (40... Rc3 41. Rxe5 Nd7) 41. Nf5+ 1-0

[Event "American Cup Open Champions 2024"]
[Site "Saint Louis"]
[Date "2024.03.16"]
[Round "3.2"]
[White "Robson, Ray"]
[Black "Aronian, Levon"]
[Result "0-1"]
[ECO "D86"]
[WhiteElo "2696"]
[BlackElo "2722"]
[Annotator "TA"]
[PlyCount "124"]
[EventDate "2024.03.11"]
[EventType "k.o."]
[EventCountry "USA"]
[SourceTitle "playchess.com"]
[Source "ChessBase"]
[SourceQuality "1"]
[TimeControl "5400+30"]

1. d4 Nf6 2. c4 g6 3. Nc3 d5 4. cxd5 Nxd5 5. e4 Nxc3 6. bxc3 Bg7 7. Bc4 a6 $5 {[%emt 0:00:21][%mdl 4] An interesting side line. D86: Exchange Grünfeld: Classical Line (7 Bc4).} 8. h4 $146 ({Predecessor:} 8. Ne2 O-O 9. a4 Nd7 10. O-O b6 11. Bd5 Rb8 12. e5 e6 13. Bc6 Bb7 14. Bxb7 Rxb7 15. Qd3 {1-0 Teixeira,V (1800)-De Souza,E (1882) Manaus Amazonense Cup 2022 (4)}) 8... c5 9. Ne2 h5 10. O-O O-O 11. Be3 Nd7 12. Qd2 b5 13. Bd5 Rb8 14. dxc5 Qc7 15. Nd4 Ne5 16. Bf4 Qxc5 17. Bxe5 Bxe5 18. Nc6 Bxc3 19. Nxe7+ Qxe7 20. Qxc3 Bb7 21. Qg3 Bxd5 22. exd5 Rbd8 23. Rfd1 Rd6 24. a4 (24. Rd4 $11 {remains equal.}) 24... Rfd8 $1 $17 25. axb5 axb5 26. Qb3 {[%emt 0:01:26] [#]} Qb7 $1 ({Much weaker is} 26... Qxh4 $6 27. Qxb5 Qg5 28. Ra5 $11) 27. Rab1 Rxd5 28. Rxd5 Rxd5 29. Qb4 Qd7 30. Qb3 Rc5 (30... Qf5 $19 31. Re1 Re5) 31. Qb4 (31. Rd1 $17 {was necessary.} Qc7 32. Qa3) 31... Qc7 $19 32. Qe1 Qe5 33. Qd2 Rd5 34. Qc2 Qf5 35. Qxf5 Rxf5 ({Don't play} 35... gxf5 36. Ra1 $17) 36. Rc1 Kf8 37. Rc7 Ke8 38. f3 (38. Ra7 $17 {might work better.}) 38... Kd8 $19 39. Ra7 Kc8 40. Kf2 b4 41. Ke3 Rd5 ({Better is} 41... b3 $17 {Hoping for ...b2.} 42. Kd2 Rc5) 42. Rxf7 $11 b3 43. Rf4 $1 Rb5 44. Rc4+ Kd7 45. Rc1 Ke6 46. Kd4 $2 {[%emt 0:00:46][%mdl 8192] [#]} (46. Kf4 $11) 46... Kf5 $1 $19 47. Rb1 Kf4 48. Kc4 Rb8 49. Rb2 Kg3 50. Kd4 Kxh4 51. Ke5 Kg3 52. Kf6 Rb6+ 53. Kg5 h4 54. f4 Rb5+ 55. Kxg6 Kxf4 56. Kf6 Rb6+ 57. Ke7 Ke3 58. Kd7 Kd3 59. Kc7 Rb4 60. Kc6 Kc3 61. Rb1 b2 62. Kc5 Rg4 0-1

[Event "American Cup Open Champions 2024"]
[Site "Saint Louis"]
[Date "2024.03.17"]
[Round "3.3"]
[White "Robson, Ray"]
[Black "Aronian, Levon"]
[Result "1/2-1/2"]
[ECO "E48"]
[WhiteElo "2696"]
[BlackElo "2722"]
[Annotator "TA"]
[PlyCount "111"]
[EventDate "2024.03.11"]
[EventType "k.o."]
[EventCountry "USA"]
[SourceTitle "playchess.com"]
[Source "ChessBase"]
[SourceQuality "1"]
[TimeControl "5400+30"]

1. d4 Nf6 2. c4 e6 3. Nc3 Bb4 4. e3 O-O 5. Bd3 c5 6. Nge2 cxd4 7. exd4 d5 8. cxd5 Nxd5 9. a3 Bd6 10. O-O Nc6 11. Re1 Qh4 12. g3 Qh5 13. Nxd5 exd5 14. Bf4 Rd8 15. Qd2 {[%emt 0:01:09] [#] Droht stark Bxd6.} Bf8 16. Bc7 Rd7 17. Ba5 Nxa5 18. Qxa5 Qg5 19. Nf4 Qd8 {[%emt 0:00:22] Pariert Re8.} 20. Qb5 g6 {[%emt 0:15:46] Verhindert Bf5} 21. Bf1 a6 22. Qa4 Bh6 23. Nd3 Kf8 24. Bg2 Rd6 25. h4 Bf5 26. Nc5 Qb6 27. b4 Qc7 28. Qd1 (28. Re5 $5) 28... b6 (28... Rad8 $5) 29. g4 {[%emt 0:02:24] Die Stellung ist ausgeglichen.} Bd7 30. Nd3 (30. g5 $5 Bg7 $8 31. Nxd7+ Qxd7 32. Qf3 $11) 30... Re8 31. Ne5 Bf4 32. Qf3 Bxe5 33. dxe5 Rc6 34. Qxd5 Rc2 35. Qf3 Rxe5 36. Qf6 Re6 37. Rxe6 Bxe6 38. g5 Rc1+ 39. Rxc1 Qxc1+ $11 {[%emt 0:00:03][%mdl 4096] Endspiel. KQB-KQB} 40. Kh2 Qc7+ 41. f4 Qd6 42. Kg3 Qd1 43. Kh2 Qe1 44. Qd8+ Kg7 45. Qd4+ Kg8 46. Qd8+ Kg7 47. Qd4+ Kg8 48. f5 Bxf5 49. h5 Qe7 {[%emt 0:00:03] Es drohte Qd8+} (49... gxh5 50. Qd8+ (50. Qxb6 Qh4+ 51. Kg1 Qe1+ 52. Kh2 Qh4+ 53. Kg1 Qxg5 $17) 50... Kg7 51. Qf6+ (51. Qxb6 Qh4+ 52. Kg1 Qxg5 $17) 51... Kg8 52. Qxf5 $18) 50. h6 {[%emt 0:00:53][%csl Gh6][%cal Rd4g7] [#]} Qc7+ 51. Kg1 Kf8 (51... Qc1+ 52. Kf2 Qc2+ 53. Ke3 Qc1+ 54. Kf2 Qc2+ 55. Ke3 Qc1+ 56. Ke2 Qc2+ 57. Ke3) 52. Qh8+ Ke7 {[%emt 0:00:10] Und ...Qc1+ würde nun gewinnen.} 53. Qf6+ Kf8 54. Qh8+ Ke7 {[%emt 0:00:03] Weiss muss nun ...Qc1+ beachten.} 55. Qf6+ Kf8 56. Qh8+ {[%emt 0:00:46] Gewichteter Fehlerwert: Weiß=0.02 (makellos) /Schwarz=0.02 (makellos) .  Ungenau:       	Weiß=2     	Schwarz=2     OK:         	Weiß=25    	Schwarz=32    Bester:       	Weiß=3     	---} 1/2-1/2

[Event "American Cup Open Champions 2024"]
[Site "Saint Louis"]
[Date "2024.03.19"]
[Round "4.1"]
[White "So, Wesley"]
[Black "Aronian, Levon"]
[Result "1/2-1/2"]
[ECO "C67"]
[WhiteElo "2757"]
[BlackElo "2722"]
[Annotator "TA"]
[PlyCount "70"]
[EventDate "2024.03.11"]
[EventType "k.o."]
[EventCountry "USA"]
[SourceTitle "playchess.com"]
[Source "ChessBase"]
[SourceQuality "1"]
[TimeControl "5400+30"]

1. e4 e5 2. Nf3 Nc6 3. Bb5 Nf6 4. O-O Nxe4 5. Re1 Nd6 6. Nxe5 Be7 7. Bf1 Nxe5 8. Rxe5 O-O 9. d4 Bf6 10. Re1 Re8 11. Bf4 Rxe1 12. Qxe1 Ne8 {[%emt 0:00:07][%cal Bd6e8,Be8g7,Bg7f5][%mdl 32] White has an edge.} 13. c3 d5 14. Bd3 g6 {[%emt 0:00:40] The position is equal.} 15. Nd2 Ng7 16. Qe2 c6 17. Re1 Bf5 18. Bxf5 Nxf5 19. Nf3 Ng7 20. Be5 Ne6 21. Bxf6 Qxf6 22. Ne5 Re8 23. Ng4 Qd8 24. Qe5 {[%emt 0:00:07] [#] Threatens to win with Nf6+.} Ng7 25. Qxe8+ Nxe8 26. Rxe8+ Qxe8 27. Nf6+ Kf8 28. Nxe8 Kxe8 $11 {[%emt 0:00:06][%mdl 4096] Endgame. KP-KP} 29. f4 f5 30. Kf2 Ke7 31. b4 b5 32. Ke3 Ke6 33. Kf2 Ke7 34. Ke3 Ke6 35. Kf2 Ke7 {[%emt 0:00:05] Not much happened in this game.   Weighted Error Value: White=0.02 (flawless) /Black=0.02 (flawless) .  OK:         	White=9     	Black=10     Best:        	White=1     	Black=2} 1/2-1/2

[Event "American Cup Open Champions 2024"]
[Site "Saint Louis"]
[Date "2024.03.19"]
[Round "4.2"]
[White "Aronian, Levon"]
[Black "So, Wesley"]
[Result "1/2-1/2"]
[ECO "B50"]
[WhiteElo "2722"]
[BlackElo "2757"]
[Annotator "RC"]
[PlyCount "158"]
[EventDate "2024.03.11"]
[EventType "k.o."]
[EventCountry "USA"]
[SourceTitle "playchess.com"]
[Source "ChessBase"]
[SourceQuality "1"]
[TimeControl "900+10"]

1. e4 c5 2. Nf3 d6 3. Bc4 Nf6 4. d3 Nc6 5. O-O e6 6. Nbd2 Be7 7. a4 O-O 8. Re1 a6 9. c3 Qc7 10. Nf1 d5 11. Ba2 dxe4 12. dxe4 b5 13. e5 Nd7 14. Bb1 Bb7 15. axb5 axb5 16. Rxa8 Rxa8 17. Qd3 g6 18. Qxb5 Ncxe5 19. Nxe5 Nxe5 20. Bf4 Bd6 21. Bxe5 Bxe5 22. Rxe5 Qxe5 23. Qxb7 Rb8 24. Qe4 Qxe4 25. Bxe4 Rxb2 26. g4 Rb3 27. c4 Rc3 28. Ne3 f5 29. gxf5 gxf5 30. Bc6 f4 31. Ng4 Rxc4 32. Ne5 Rd4 33. Bb5 Kg7 34. Kg2 Re4 35. Nd3 c4 36. Kf3 Rd4 37. Nxf4 Kf6 38. Ne2 Rd3+ 39. Kg2 Ra3 40. Bxc4 h5 41. Nf4 h4 42. Be2 e5 43. Nd5+ Kf5 44. Ne3+ Kf4 45. Kh3 Kg5 46. Bf3 Kf4 47. Bg4 Kg5 48. Bf3 Kf4 49. Bd5 Kg5 50. Be6 Ra6 51. Bc4 Rf6 52. Kg2 Rf8 53. Be2 Rd8 54. Bg4 e4 55. h3 Kf4 56. Kf1 Rd3 57. Ke2 Rb3 58. Nd5+ Ke5 59. Ne7 Rb2+ 60. Ke1 e3 61. fxe3 Ke4 62. Nf5 Ra2 63. Kf1 Ra1+ 64. Ke2 Ra2+ 65. Ke1 Rb2 66. Kf1 Ra2 67. Nxh4 Kxe3 68. Ng6 Ra6 69. Ne7 Ra7 70. Nd5+ Ke4 71. Nc3+ Kf4 72. Ne2+ Kg5 73. Nd4 Kh4 74. Nf5+ Kg5 75. Ke2 Ra2+ 76. Ke3 Ra3+ 77. Ke4 Ra4+ 78. Ke5 Rxg4 79. hxg4 Kxg4 1/2-1/2